 Dungeon Crawl Stone Soup version 0.29-a0-1065-g47a6bb87d6 (webtiles) character file.

Game seed: 3342738407526980475

88 SensoryNuts the Trooper (level 4, -2/40 HPs)
             Began as a Draconian Fighter on Aug 18, 2022.
             Killed from afar by Ijyb (10 damage)
             ... with a puff of flame
             ... on level 3 of the Dungeon.
             The game lasted 00:01:55 (2861 turns).

SensoryNuts the Trooper (Draconian Fighter)         Turns: 2861, Time: 00:01:56

Health: -2/40      AC:  5    Str: 20    XL:     4   Next: 29%
Magic:  4/4        EV: 12    Int:  9    God:
Gold:   146        SH:  4    Dex: 10    Spells: 3/3 levels left

rFire   . . .      SeeInvis .   a - +0 long sword
rCold   . . .      Faith    .   b - +0 buckler
rNeg    . . .      Spirit   .   (body armour unavailable)
rPois   .          Reflect  .   (helmet restricted)
rElec   .          Harm     .   (no cloak)
rCorr   .          Rampage  .   (no gloves)
Will    .....      Clarity  +   (no boots)
Stlth   +.........              (no amulet)
HPRegen 0.13/turn               (no ring)
MPRegen 0.09/turn               (no ring)

@: no status effects
A: AC +5, unfitting armour, cold-blooded, clarity, mutation resistance 1
a: no special abilities


You were on level 3 of the Dungeon.
You visited 1 branch of the dungeon, and saw 3 of its levels.

You collected 146 gold pieces.

Inventory:

Hand Weapons
 a - a +0 long sword (weapon)
Armour
 b - a +0 buckler (worn)
Jewellery
 p - a ring of wizardry
Scrolls
 c - a scroll of acquirement {unknown}
 d - 3 scrolls of identify {unknown}
 f - 4 scrolls of teleportation {unknown}
 k - a scroll of enchant armour {unknown}
 l - 2 scrolls of summoning {unknown}
 n - a scroll of magic mapping {unknown}
 o - a scroll of immolation {unknown}
 s - a scroll of amnesia {unknown}
Potions
 i - 3 potions of attraction {unknown}
 j - a potion of brilliance {unknown}
 m - a potion of invisibility {unknown}
 q - a potion of haste {unknown}
 r - a potion of berserk rage {unknown}


   Skills:
 + Level 4.0 Fighting
 + Level 3.0 Long Blades
 + Level 3.2 Dodging
 + Level 0.1 Stealth
 + Level 3.4 Shields


You had 3 spell levels left.
You didn't know any spells.
Your spell library was empty.

Dungeon Overview and Level Annotations

Branches:
Dungeon (3/15)

Altars:
Makhleb
Uskayaw

Annotations:
D:3 Ijyb


Innate Abilities, Weirdness & Mutations

Your plain brown scales are hard. (AC +5)
You cannot fit into any form of body armour.
You are cold-blooded and may be slowed by cold attacks.
You possess an exceptional clarity of mind.
You are somewhat resistant to further mutation.


Message History

You feel invigorated. Ijyb hits you but does no damage.
Ijyb attacks as you move away! Ijyb hits you but does no damage.
Ijyb attacks as you move away! Ijyb hits you with a +0 club.
Ijyb zaps a wand.
The puff of flame misses you.
You see here a scroll labelled GUCETU ZAQIEPT.
You bump into the rock wall.
Ijyb zaps a wand.
The puff of flame hits you!
You miss Ijyb. You tail-slap Ijyb, but do no damage.
Ijyb is moderately wounded.
Ijyb hits you with a +0 club. Ijyb hits you with a +0 club.
You bump into the rock wall.
Ijyb zaps a wand.
The puff of flame hits you.
You closely miss Ijyb.
Ijyb is moderately wounded.
Ijyb misses you. Ijyb hits you with a +0 club.
You barely miss Ijyb.
Ijyb is moderately wounded.
You feel less invigorated.
You feel less confused. Ijyb hits you with a +0 club.
You hit Ijyb.
Your tail-slap misses Ijyb.
Ijyb is moderately wounded.
Ijyb hits you with a +0 club.
You hit Ijyb but do no damage.
Ijyb is moderately wounded.
Ijyb screams, "Get away!"
Ijyb hits you with a +0 club.
You hit Ijyb.
Ijyb is heavily wounded.
Ijyb closely misses you.
Ijyb zaps a wand.
The puff of flame hits you.
You hit Ijyb but do no damage.
Ijyb is heavily wounded.
Ijyb zaps a wand.
The puff of flame hits you!
* * * LOW HITPOINT WARNING * * *
You hit Ijyb but do no damage. You tail-slap Ijyb.
Ijyb is severely wounded.
You block Ijyb's attack.
It was a potion of mutation.
You feel extremely strange.
You feel genetically stable.
Your thoughts seem clearer.
Ijyb zaps a wand.
The puff of flame hits you!
You die...

#.# ##...##
#.##....
#.# ##'##
#.##.8..
#.# #.#
#.......
..######.#
###..8..
##.....#.##
#.....
#....##
#..8..
#...?.#
#.....
#..g.##
#.....
.....#@##
#.####
##.#####
..# #. #


You could see Ijyb.

Vanquished Creatures
  2 adders (D:3)
  3 worms (D:2)
  4 dart slugs
  8 bats
  3 giant cockroaches
  3 goblins
  4 hobgoblins
  3 jackals (D:1)
  3 quokkas
  8 ball pythons
  2 frilled lizards
  5 kobolds
  5 rats
53 creatures vanquished.

Notes
Turn   | Place    | Note
-------+----------+-------------------------------------------
     0 | D:1      | SensoryNuts the Draconian Fighter began the quest for the
                  | Orb.
     0 | D:1      | Reached XP level 1. HP: 19/19 MP: 1/1
    91 | D:1      | Reached XP level 2. HP: 5/26 MP: 2/2
   690 | D:1      | Found a faded altar of an unknown god.
   789 | D:1      | Reached XP level 3. HP: 32/33 MP: 3/3
  1624 | D:2      | Reached skill level 4 in Fighting
  2351 | D:3      | Found a burning altar of Makhleb.
  2513 | D:3      | Found a hide-covered altar of Uskayaw.
  2547 | D:3      | Reached XP level 4. HP: 37/40 MP: 4/4
  2825 | D:3      | Noticed Ijyb
  2861 | D:3      | Gained mutation: You are somewhat resistant to further
                  | mutation. [potion of mutation]
  2861 | D:3      | Gained mutation: You possess an exceptional clarity of
                  | mind. [potion of mutation]
  2861 | D:3      | Killed from afar by Ijyb

Illustrated notes

Levels and vault maps discovered:
D:1:      sevenhm_arrival_forest_fort_large_2, layout_loops_ring,
          hellmonk_ecumenical_altar_arch_garden, skrybe_limestone_x
D:2:      layout_rooms, minmay_misc_feat_pillars
D:3:      layout_loops_corners, eat_drink_and_be_merry_uskayaw, tso_altar,
          lemuel_crystal_altar, mainiacjoe_overflow_alcove_1,
          small_statue_intersection, saegor_snake_ambush, uniq_ijyb

Skill      XL: |  1  2  3  4 |
---------------+-------------+-----
Dodging        | 3 |  3.2
Fighting       | 4 |  4.0
Long Blades    | 3 |  3.0
Stealth        | |  0.1
Shields        | |  3.4

Action                   |  1- 3 |  4- 6 || total
-------------------------+-------+-------++-------
Melee: Long sword        |   159 |    44 ||   203
       Tailslap          |    17 |     6 ||    23
  Use: Potion            |     2 |     3 ||     5
Armor: Skin              |    50 |    11 ||    61
Dodge: Dodged            |   137 |    26 ||   163
Block: Buckler           |    49 |    10 ||    59

Table legend: (Time is in decaauts)
 A = Elapsed time spent in this place.
 B = Non-inter-level travel time spent in this place.
 C = Inter-level travel time spent in this place.
 D = Time resting spent in this place.
 E = Time spent auto-exploring this place.
 F = Levels seen in this place.
 G = Mean time per level.
                   A        B        C        D        E       F      G
               +--------+--------+--------+--------+--------+-----+--------+
         Total |   2943 |   2831 |    112 |      0 |   2390 |   3 |  981.0 |
       Dungeon |   2943 |   2831 |    112 |      0 |   2390 |   3 |  981.0 |
               +--------+--------+--------+--------+--------+-----+--------+

Top non-repeatable levels by time:
     D:1: 1412 daAuts
     D:2: 838 daAuts
     D:3: 691 daAuts
